 Dungeon Crawl Stone Soup version 0.27-a0-836-gfc908b8576 (webtiles) character file.

Game seed: 8550179339416404366

67 robertstho the Magician (level 4, 0/32 HPs)
             Began as a Djinni Ice Elementalist on Mar 31, 2021.
             Slain by a phantom (2 damage)
             ... on level 4 of the Dungeon.
             The game lasted 00:05:41 (3149 turns).

robertstho the Magician (Djinni Ice Elementalist)   Turns: 3149, Time: 00:05:42

Health: 0/32       AC:  2    Str:  7    XL:     4   Next: 18%
Gold:   74         EV: 12    Int: 17    God:
                   SH:  0    Dex: 14

rFire    + + +     SeeInvis .   c - +0 dagger (drain)
rCold    . . .     Faith    .   (no shield)
rNeg     . . .     Spirit   .   a - +0 robe
rPois    ∞         Reflect  .   (no helmet)
rElec    .         Harm     .   f - scarf {rC+ rF+}
rCorr    .         Rampage  .   (no gloves)
Will     .....                  (boots unavailable)
Stlth    ++........             (no amulet)
HPRegen  0.10/turn              g - ring of protection from fire
MPRegen  0.00/turn              (no ring)

@: flying, very slightly contaminated
A: fire resistance 2, cold vulnerability 1, float, innate caster, hp casting,
extra vitality 1
a: no special abilities


You were on level 4 of the Dungeon.
You visited 1 branch of the dungeon, and saw 4 of its levels.

You collected 74 gold pieces.

Inventory:

Hand Weapons
 c - a +0 dagger of draining (weapon)
Armour
 a - a +0 robe (worn)
 f - a scarf of resistance (worn)
Jewellery
 g - a ring of protection from fire (left hand)
Scrolls
 e - a scroll of amnesia


   Skills:
 * Level 1.1 Fighting
 + Level 2.1 Dodging
 + Level 1.6 Stealth
 * Level 4.6 Spellcasting


You couldn't memorise any spells.
You knew the following spells:

 Your Spells              Type           Power      Damage    Failure   Level
a - Freeze                Ice            76%        1d9       2%          1
b - Frozen Ramparts       Ice            38%        1d5       6%          3
c - Ozocubu's Armour      Ice            19%        N/A       6%          3
d - Hailstorm             Conj/Ice       19%        3d6       22%         4
e - Summon Ice Beast      Ice/Summ       19%        N/A       22%         4
f - Apportation           Tloc           38%        N/A       2%          1
Your spell library was empty.

Dungeon Overview and Level Annotations

Branches:
Dungeon (4/15)
 Temple: D:4-7

Altars:

Shops:
D:1 [

Annotations:
D:3 Grinder


Innate Abilities, Weirdness & Mutations

You are immune to poison.
Your flesh is very heat resistant. (rF++)
You are vulnerable to cold. (rC-)
You float through the air rather than walking.
You learn spells naturally, not from books.
Your magical power is your life essence.
You have superior vitality. (+4 HP)


Message History

Attack!
Your ice beast hits the phantom but does no damage.
The phantom hits your ice beast but does no damage.
Your ice beast barely misses the phantom.
Your ice beast hits the phantom but does no damage.
The phantom hits your ice beast.
The phantom blinks!
Your ice beast blinks!
Your ice beast barely misses the phantom.
Your ice beast hits the phantom but does no damage.
Your ice beast hits the phantom.
Your ice beast freezes the phantom.
The phantom resists.
Your ice beast hits the phantom.
Your ice beast freezes the phantom.
The phantom resists.
The phantom hits your ice beast.
Your ice beast closely misses the phantom.
Your ice beast barely misses the phantom.
The phantom hits your ice beast.
Your ice beast disappears in a puff of smoke!
Your ice beast barely misses the phantom.
The phantom hits your ice beast.
Your ice beast hits the phantom.
Your ice beast freezes the phantom.
The phantom completely resists.
The phantom hits your ice beast.
Your ice beast dies!
You aren't carrying any items that you can evoke.
Unknown command.
Casting: Summon Ice Beast (extremely dangerous; 22% risk of failure)
Confirm with . or Enter, or press ? or * to list all spells.
The spell is extremely dangerous to cast (22% risk of failure)!
Continue anyway?
You miscast Summon Ice Beast.
You are very lightly contaminated with residual magic.
Nothing appears to happen.
* * * LOW HITPOINT WARNING * * *
Unknown command.
As you read the scroll labelled QUDOEDGHISU, it crumbles to dust.
You assume a fearsome visage.
The phantom is unaffected.
It was a scroll of fear.
Found 8 gold pieces.
You closely miss the phantom.
The phantom is almost destroyed.
The phantom hits you.
You die...

..$#######..
...........#
...........#
#..............#
#..............#
#..............#
#(.............#
.........@...#
.......W...#
#+###......####
#...#......#
#...'......#
#<.)#......+
#...#......#
##'###.....#
#....#.....######


You could see a phantom.

Vanquished Creatures
  2 adders (D:2)
  A dart slug (D:2)
  4 orcs (D:3)
  3 bats
  2 endoplasms (D:1)
  3 giant cockroaches
  3 goblins
  2 hobgoblins (D:2)
  8 jackals
  A quokka (D:2)
  4 ball pythons
  4 frilled lizards
  A kobold (D:2)
  2 rats (D:2)
40 creatures vanquished.

Notes
Turn   | Place    | Note
-------+----------+-------------------------------------------
     0 | D:1      | robertstho the Djinni Ice Elementalist began the quest for
                  | the Orb.
     0 | D:1      | Reached XP level 1. HP: 15/15 MP: 0/0
   198 | D:1      | Reached XP level 2. HP: 5/21 MP: 0/0
   454 | D:1      | Reached skill level 4 in Spellcasting
  1280 | D:1      | Found Pueb's Armour Shoppe.
  1830 | D:2      | Reached XP level 3. HP: 7/26 MP: 0/0
  1830 | D:2      | Learned a level 1 spell: Apportation
  2088 | D:2      | Reached skill level 1 in Fighting
  2527 | D:2      | You are sucked into a shaft and drop 1 floor!
  2621 | D:3      | Reached XP level 4. HP: 30/32 MP: 0/0
  2771 | D:3      | Noticed Grinder
  2796 | D:3      | Paralysed by Grinder for 5 turns
  3098 | D:4      | Noticed a phantom
  3149 | D:4      | Slain by a phantom

Illustrated notes

Levels and vault maps discovered:
D:1:      erik_arrival_cave_to_civilisation [erik_arrival_cave_to_hall],
          layout_loops_ring, serial_shops, shop
D:2:      layout_loops_corners, overflow_temple_1_default
D:3:      layout_rooms, lemuel_doored_altar, serial_shops,
          nicolae_shop_window_shopping, grunt_ministairs_14, uniq_grinder
D:4:      layout_gridville, minmay_temple_entry_mini_moons,
          minmay_increasing_density

Skill      XL: |  1  2  3 |
---------------+----------+-----
Spellcasting   | 4 |  4.6
Fighting       | 1 |  1.1
Dodging        | |  2.1
Stealth        | |  1.6

Action                   |  1- 3 |  4- 6 || total
-------------------------+-------+-------++-------
Melee: Unarmed           |    10 |       ||    10
       Dagger            |    33 |    27 ||    60
 Cast: Freeze            |    25 |     2 ||    27
       Frozen Ramparts   |     2 |       ||     2
       Summon Ice Beast  |       |     3 ||     3
  Use: Scroll            |     3 |     2 ||     5
       Potion            |       |     2 ||     2
 Stab: Sleeping          |     2 |     2 ||     4
Armor: Robe              |    16 |     2 ||    18
Dodge: Dodged            |    29 |    13 ||    42

Table legend: (Time is in decaauts)
 A = Elapsed time spent in this place.
 B = Non-inter-level travel time spent in this place.
 C = Inter-level travel time spent in this place.
 D = Time resting spent in this place.
 E = Time spent auto-exploring this place.
 F = Levels seen in this place.
 G = Mean time per level.
                   A        B        C        D        E       F      G
               +--------+--------+--------+--------+--------+-----+--------+
         Total |   3148 |   3050 |     98 |    645 |   2106 |   4 |  787.0 |
       Dungeon |   3148 |   3050 |     98 |    645 |   2106 |   4 |  787.0 |
               +--------+--------+--------+--------+--------+-----+--------+

Top non-repeatable levels by time:
     D:1: 1699 daAuts
     D:2: 1076 daAuts
     D:3: 307 daAuts
     D:4: 64 daAuts
